 Dungeon Crawl Stone Soup version 0.20.1-1-g8b1a95d (webtiles) character file.

196 pstr the Conjurer (level 6, -4/33 HPs)
             Began as a Kobold Conjurer on Nov 12, 2017.
             Slain by Pikel
             ... wielding a +1 whip of electrocution
              (17 damage)
             ... on level 4 of the Dungeon.
             The game lasted 00:12:52 (3573 turns).

pstr the Conjurer (Kobold Conjurer)                 Turns: 3573, Time: 00:12:53

Health: -4/33      AC:  5    Str:  3    XL:     6   Next: 4%
Magic:  1/10       EV: 10    Int: 18    God:
Gold:   207        SH:  0    Dex: 15    Spells: 8/11 levels left

rFire    x . .     SeeInvis .   i - staff of wizardry
rCold    + . .     Gourm    .   (shield currently unavailable)
rNeg     . . .     Faith    .   l - +0 ring mail
rPois    .         Spirit   .   (no helmet)
rElec    .         Reflect  .   (no cloak)
rCorr    .         Harm     .   (no gloves)
MR       .....                  (no boots)
Stlth    ++........             f - amulet of regeneration
Regen    0.6/turn               o - -3 ring of strength (curse)
MPRegen  0.2/turn               p - ring of ice (curse)

@: no status effects
A: carnivore 3
a: no special abilities


You were on level 4 of the Dungeon.
You were very full.

You visited 1 branch of the dungeon, and saw 4 of its levels.

You collected 207 gold pieces.

Inventory:

Hand Weapons
 e - a +0 dagger
 g - a +0 whip
 j - a +1 dagger of draining
 q - a +2 vampiric short sword
Missiles
 d - 192 stones (quivered)
 n - 20 arrows
Armour
 a - a +0 robe
 l - a +0 ring mail (worn)
 r - a +1 robe of the Archmagi
Magical Staves
 i - an uncursed staff of wizardry (weapon)
Jewellery
 f - an amulet of regeneration (around neck)
 o - a cursed -3 ring of strength (left hand)
 p - a cursed ring of ice (right hand)
Scrolls
 m - a scroll of fog
Potions
 h - 2 potions of lignification
Books
 b - a book of Conjurations

   Spells                             Type                      Level
   a - Magic Dart                     Conjuration                  1
   b - Searing Ray                    Conjuration                  2
   c - Dazzling Spray                 Conjuration/Hexes            3
   d - Fulminant Prism                Conjuration/Hexes            4
   e - Force Lance                    Conjuration/Translocation    4
   f - Iskenderun's Mystic Blast      Conjuration                  4
Comestibles
 c - 3 meat rations
 s - a chunk of flesh


   Skills:
 + Level 0.9 Fighting
 + Level 1.5 Short Blades
 + Level 1.4 Armour
 + Level 2.9 Dodging
 + Level 3.1 Stealth
 + Level 3.0 Spellcasting
 + Level 5.3 Conjurations


You had 8 spell levels left.
You knew the following spells:

 Your Spells              Type           Power        Failure   Level  Hunger
a - Magic Dart            Conj           ###.         6%          1    None
b - Searing Ray           Conj           ###...       9%          2    ##.....


Dungeon Overview and Level Annotations

Branches:
Dungeon (4/15)
 Temple: D:4-7

Altars:
Fedhas

Annotations:
D:4 Pikel


Innate Abilities, Weirdness & Mutations

You are small and have problems with some larger weapons.
You are carnivorous and can eat meat at any time.


Message History

(Press . to maintain the ray.) Pikel says, "I just want to get paid!"
Pikel hits you with a whip of electrocution.
The searing ray hits Pikel.
Pikel is severely wounded.
Pikel hits you with a whip of electrocution.
You are electrocuted!
The searing ray hits Pikel.
Pikel is almost dead.
Pikel hits you with a whip of electrocution.
The slave closely misses you.
Pikel says, "Slavery isn't that bad."
Pikel says, "I'm sure the Orcish Mines are around here somewhere..."
Some of the chunks of flesh in your inventory have rotted away.
You see here a bread ration.
There is a stone staircase leading up here.
Pikel hits you with a whip of electrocution!
You are electrocuted!
Ouch! That really hurt!
You die...

#.##################
#...[..@Kp.p........
.....#######p.......
.## ..#........
#.#p.......
#.#........
#####.#........
#...#.#p.......
#....).......
###..........


You could see Pikel and 3 slaves.

Vanquished Creatures
  A hound (D:4)
  Jessica (D:2)
  4 gnolls (D:4)
  4 adders
  A dart slug (D:1)
  2 leopard geckos (D:2)
  5 orcs (D:3)
  A ball python (D:3)
  A giant cockroach (D:3)
  10 goblins
  10 hobgoblins
  4 bats
  A frilled lizard (D:2)
  6 kobolds
  9 rats
60 creatures vanquished.

Notes
Turn   | Place    | Note
-------+----------+-------------------------------------------
     0 | D:1      | pstr the Kobold Conjurer began the quest for the Orb.
     0 | D:1      | Reached XP level 1. HP: 10/10 MP: 3/3
   310 | D:1      | Reached XP level 2. HP: 15/15 MP: 0/5
   314 | D:1      | Learned a level 2 spell: Searing Ray
  1021 | D:1      | You fall through a shaft!
  1228 | D:2      | Noticed Jessica
  1236 | D:2      | Killed Jessica
  1236 | D:2      | Reached XP level 3. HP: 19/19 MP: 0/6
  1313 | D:2      | Reached skill level 5 in Conjurations
  1313 | D:2      | Reached XP level 4. HP: 24/24 MP: 2/7
  1998 | D:3      | Found a faded altar of an unknown god.
  2072 | D:3      | Found a blossoming altar of Fedhas.
  2416 | D:2      | Reached skill level 1 in Short Blades
  2416 | D:2      | Reached XP level 5. HP: 28/28 MP: 3/9
  2520 | D:2      | Reached skill level 1 in Armour
  3449 | D:4      | Reached XP level 6. HP: 30/33 MP: 1/10
  3527 | D:4      | Noticed Pikel
  3533 | D:4      | Noticed a slave
  3536 | D:4      | Noticed a slave
  3537 | D:4      | Noticed a slave
  3573 | D:4      | Slain by Pikel

Skill      XL: |  1  2  3  4  5 |
---------------+----------------+-----
Conjurations   | 5 |  5.3
Short Blades   | 1 |  1.5
Armour         | 1 |  1.4
Stealth        | 3 |  3.1
Spellcasting   | 3 |  3.0
Fighting       | |  0.9
Dodging        | |  2.9

Action                   |  1- 3 |  4- 6 || total
-------------------------+-------+-------++-------
Melee: Whip              |     4 |       ||     4
       Dagger            |     2 |       ||     2
       Short sword       |       |    31 ||    31
       Staff             |       |     5 ||     5
 Cast: Magic Dart        |    16 |    15 ||    31
       Searing Ray       |    11 |    36 ||    47
  Use: Scroll            |     6 |     3 ||     9
       Potion            |       |     4 ||     4
  Eat: Chunk             |    10 |    14 ||    24
Armor: Ring mail         |     3 |    22 ||    25
       Skin              |       |     5 ||     5
Dodge: Dodged            |     9 |    41 ||    50
